 Dungeon Crawl Stone Soup version 0.22-a0-460-g49b1da7 (webtiles) character file.

1635 elite277 the Skirmisher (level 9, 0/69 HPs)
             Began as a Human Gladiator on June 9, 2018.
             Was a Believer of Wu Jian.
             Succumbed to a killer bee's poison
             ... on level 5 of the Dungeon.
             The game lasted 00:28:51 (5126 turns).

elite277 the Skirmisher (Human Gladiator)           Turns: 5126, Time: 00:28:52

Health: 0/69       AC: 20    Str: 18    XL:     9   Next: 18%
Magic:  9/9        EV:  4    Int:  8    God:    Wu Jian [**....]
Gold:   243        SH:  0    Dex: 17    Spells: 8/8 levels left

rFire    + + .     SeeInvis .   d - +2 mace (holy)
rCold    + + .     Gourm    .   (no shield)
rNeg     . . .     Faith    .   p - +0 gold dragon scales
rPois    +         Spirit   .   n - +0 helmet
rElec    +         Reflect  .   o - +0 cloak
rCorr    +         Harm     .   m - +0 pair of gloves
MR       .....                  (no boots)
Stlth    ..........             (no amulet)
HPRegen  0.21/turn              v - ring of flight
MPRegen  0.11/turn              (no ring)

@: lethally poisoned (0 -> -2), resistant (expiring)
A: icy blue scales 1, sense surroundings 1, strong 1
a: Wall Jump, Renounce Religion, Evoke Flight


You were on level 5 of the Dungeon.
You worshipped Wu Jian.
Wu Jian was pleased with you.
You were hungry.

You visited 1 branch of the dungeon, and saw 5 of its levels.

You collected 243 gold pieces.

Inventory:

Hand Weapons
 a - a +0 trident
 d - a +2 mace of holy wrath (weapon)
 i - a +0 spear
 u - a +1 falchion of flaming
 B - a +0 blowgun
Missiles
 j - 199 stones
 k - 31 poisoned needles
 l - 11 tomahawks (quivered)
 C - 7 silver javelins
Armour
 b - a +0 leather armour
 c - a +0 helmet
 m - a +0 pair of gloves (worn)
 n - a +0 helmet (worn)
 o - a +0 cloak (worn)
 p - +0 gold dragon scales (worn)
Magical Staves
 q - an uncursed staff of poison {unknown}
Jewellery
 v - a ring of flight (left hand)
 z - an uncursed amulet of rage {unknown}
Wands
 s - a wand of iceblast (12)
 y - a wand of disintegration (8)
Scrolls
 h - 4 scrolls of teleportation
 w - a scroll of magic mapping {unknown}
 x - 2 scrolls of identify {unknown}
Comestibles
 f - 9 rations


   Skills:
 + Level 6.3 Fighting
 + Level 5.1 Maces & Flails
 - Level 3.5 Polearms
 - Level 2.1 Throwing
 + Level 5.9 Armour
 + Level 4.6 Dodging
 - Level 1.4 Unarmed Combat


You had 8 spell levels left.
You didn't know any spells.
Your spell library was empty.

Dungeon Overview and Level Annotations

Branches:
Dungeon (5/15)
 Temple: D:4-7

Altars:
Gozag
Nemelex Xobeh
Wu Jian
Yredelemnul


Innate Abilities, Weirdness & Mutations

You are partially covered in icy blue scales. (AC +2)
You passively map a small area around you.
Your muscles are strong. (Str +2)


Message History

* * * LOW HITPOINT WARNING * * *
You feel sick. The hound bites you but does no damage.
You aren't carrying any potions.
Okay, then.
You hit the hound.
The hound is lightly wounded.
You start to feel less resistant.
The hound bites you but does no damage. x2
You hit the hound.
The hound is heavily wounded.
* * * LOW HITPOINT WARNING * * *
You feel sick. The hound bites you but does no damage.
The hound barely misses you.
Your gold dragon scales prevents you from hitting the hound.
The hound is heavily wounded.
The hound bites you.
* * * LOW HITPOINT WARNING * * *
You hit the hound.
The hound is almost dead.
You die...

#..#.......#..#
#..#.......# ##
* #..##.....##
,
#..####.####.#
*
#............#
#...........##
####.#.......#
#.##
#h#.......#
#...
#@#.......#
#...
####.#.......#
#.##
#....#.......#
#.######+#####
,* #.# ,* ##
#.# , #. #.# *
#. #.# * * * #.
#.# , #.


You could see a hound.

Vanquished Creatures
  The ghost of Ratty the Transmogrifier, a novice VSTm of Makhleb (D:4)
  Grinder (D:3)
  A phantom (D:4)
  A sky beast (D:5)
  A centaur (D:5)
  A bullfrog (D:4)
  A scorpion (D:4)
  5 killer bees (D:5)
  A howler monkey (D:4)
  A hound (D:5)
  2 orc priests (D:3)
  Crazy Yiuf (D:5)
  Jessica (D:3)
  Ijyb (D:3)
  An orc wizard (D:3)
  Natasha (twice) (D:2)
  An iguana (D:5)
  A worker ant (D:5)
  A worker ant zombie (D:5)
  7 gnolls
  11 adders
  An adder skeleton (D:5)
  7 worms
  2 dart slugs (D:1)
  3 leopard geckos
  15 orcs
  5 bats
  7 giant cockroaches
  6 goblins
  2 hobgoblins
  12 jackals
  A quokka (D:3)
  3 ball pythons
  3 frilled lizards
  6 kobolds
  10 rats
126 creatures vanquished.

Notes
Turn   | Place    | Note
-------+----------+-------------------------------------------
     0 | D:1      | elite277 the Human Gladiator began the quest for the Orb.
     0 | D:1      | Reached XP level 1. HP: 16/16 MP: 1/1
   196 | D:1      | Reached XP level 2. HP: 6/22 MP: 2/2
   216 | D:1      | Reached XP level 3. HP: 8/27 MP: 3/3
  1279 | D:2      | Found an ornate altar of the Wu Jian Council.
  1279 | D:2      | Found an opulent altar of Gozag.
  1280 | D:2      | Found a sparkling altar of Nemelex Xobeh.
  1287 | D:2      | Became a worshipper of the Wu Jian Council
  1334 | D:2      | Noticed Natasha
  1342 | D:2      | Killed Natasha
  1342 | D:2      | Reached skill level 1 in Armour
  1342 | D:2      | Reached XP level 4. HP: 34/34 MP: 4/4
  1622 | D:2      | Reached skill level 3 in Fighting
  1622 | D:2      | Reached XP level 5. HP: 3/41 MP: 5/5
  2453 | D:2      | Noticed Natasha
  2470 | D:2      | Killed Natasha
  2583 | D:3      | Reached skill level 1 in Maces & Flails
  2585 | D:3      | Reached XP level 6. HP: 21/47 MP: 6/6
  2840 | D:3      | Noticed Grinder
  2846 | D:3      | Paralysed by Grinder for 3 turns
  2853 | D:3      | Paralysed by Grinder for 3 turns
  2860 | D:3      | Killed Grinder
  2860 | D:3      | Reached skill level 4 in Fighting
  2860 | D:3      | Reached XP level 7. HP: 39/54 MP: 7/7
  2927 | D:3      | Reached * piety under Wu Jian
  3003 | D:3      | Noticed Jessica
  3006 | D:3      | Killed Jessica
  3192 | D:3      | Noticed Ijyb
  3205 | D:3      | Killed Ijyb
  3641 | D:4      | Reached skill level 5 in Fighting
  3642 | D:4      | Noticed Ratty's ghost (novice VSTm)
  3656 | D:4      | Killed Ratty's ghost
  3656 | D:4      | Reached skill level 1 in Unarmed Combat
  3656 | D:4      | Reached XP level 8. HP: 37/62 MP: 8/8
  3717 | D:4      | Reached skill level 5 in Armour
  4078 | D:5      | Entered Level 5 of the Dungeon
  4296 | D:5      | Reached ** piety under Wu Jian
  4619 | D:5      | Reached skill level 6 in Fighting
  4619 | D:5      | Reached XP level 9. HP: 56/69 MP: 9/9
  4890 | D:5      | Found a runed door.
  4895 | D:5      | Gained mutation: Your muscles are strong. (Str +2) [potion of mutation]
  4895 | D:5      | Gained mutation: You passively map a small area around you. [potion of mutation]
  4895 | D:5      | Gained mutation: You are partially covered in icy blue scales. (AC +2) [potion of mutation]
  4906 | D:5      | Noticed Crazy Yiuf
  4910 | D:5      | Killed Crazy Yiuf
  5062 | D:5      | Found a basalt altar of Yredelemnul.
  5108 | D:5      | Reached skill level 5 in Maces & Flails
  5119 | D:5      | HP: 3/69 [poisoned by a killer bee]
  5124 | D:5      | HP: 2/69 [poisoned by a killer bee]
  5126 | D:5      | Succumbed to a killer bee's poison

Vault maps used:
D:1:      ebering_hopf_link
D:2:      gammafunk_temple_overflow_claw, serial_bayou, serial_bayou_lagoon_a,
          serial_bayou_shore_b, serial_bayou_lagoon_b, serial_bayou_ford_a,
          serial_bayou_crossing, first_ration, corexii_leaking_fountain,
          uniq_natasha
D:3:      uniq_jessica, uniq_ijyb, uniq_grinder
D:5:      old_standard_altar, uniq_blork_the_orc, uniq_crazy_yiuf_cottage

Skill      XL: |  1  2  3  4  5  6  7  8  9 |
---------------+----------------------------+-----
Armour         | 1 2 3 4 5 |  5.9
Fighting       | 3 4 5 6 |  6.3
Maces & Flails | 1 3 4 5 |  5.1
Unarmed Combat | 1 |  1.4
Dodging        | 4 |  4.6
Polearms       | |  3.5
Throwing       | |  2.1

Action                   |  1- 3 |  4- 6 |  7- 9 || total
-------------------------+-------+-------+-------++-------
Melee: Trident           |    83 |   128 |       ||   211
       Mace              |       |    49 |   376 ||   425
       Punch             |       |       |     1 ||     1
Throw: Throwing net      |     7 |     1 |       ||     8
       Stone             |     1 |       |       ||     1
       Tomahawk          |       |       |     3 ||     3
Invok: Lunge             |     1 |     2 |    17 ||    20
       Whirlwind         |       |       |    30 ||    30
       Wall Jump         |       |       |     3 ||     3
  Use: Scroll            |       |     3 |     2 ||     5
       Potion            |       |       |    10 ||    10
 Stab: Held in net/web   |     1 |       |       ||     1
  Eat: Chunk             |     1 |     5 |     8 ||    14
Armor: Leather armour    |    11 |       |       ||    11
       Gold dragon scale |    16 |   171 |   489 ||   676
Dodge: Dodged            |    38 |     6 |    42 ||    86

Table legend:
 A = Spawn XP
 B = Non-spawn XP
 C = Spawn XP percentage of total XP
 D = Spawn monster count
 E = Non-spawn monster count
 F = Spawn count percentage of total count
 G = Total turns spent on level
                    A         B        C        D         E        F      G
               +---------+---------+-------+---------+---------+-------+---------
         Total |       0 |    2336 |   0.0 |       0 |     126 |   0.0 |  5126
               +---------+---------+-------+---------+---------+-------+---------
           D:1 |       0 |      40 |   0.0 |       0 |      16 |   0.0 |   896
           D:2 |       0 |     177 |   0.0 |       0 |      27 |   0.0 |  1670
           D:3 |       0 |     618 |   0.0 |       0 |      37 |   0.0 |  1055
           D:4 |       0 |     727 |   0.0 |       0 |      22 |   0.0 |   457
           D:5 |       0 |     774 |   0.0 |       0 |      24 |   0.0 |  1048
               +---------+---------+-------+---------+---------+-------+---------
